 Dungeon Crawl Stone Soup version 0.29.1-15-g9cfb28693d (webtiles) character file.

Game seed: 14713829328873201923

4 croobank the Sneak (level 1, -3/16 HPs)
             Began as an Octopode Delver on Mar 10, 2023.
             Slain by Pargi (7 damage)
             ... in a sewer.
             The game lasted 00:02:05 (205 turns).

croobank the Sneak (Octopode Delver)                 Turns: 205, Time: 00:02:06

Health: -3/16      AC:  1    Str: 11    XL:     1   Next: 60%
Magic:  1/1        EV: 13    Int: 12    God:
Gold:   0          SH:  0    Dex: 13    Spells: 0/0 levels left

rFire   . . .      SeeInvis .   d - +0 quarterstaff
rCold   . . .      Faith    .   (shield currently unavailable)
rNeg    . . .      Spirit   .   (helmet restricted)
rPois   .          Reflect  .   (no amulet)
rElec   .          Harm     .   (no ring)
rCorr   .          Rampage  .   (no ring)
Will    .....                   (no ring)
Stlth   +++++.....              (no ring)
HPRegen 0.05/turn               (no ring)
MPRegen 0.07/turn               (no ring)
                                (no ring)
                                (no ring)

@: no status effects
A: almost no armour, amphibious, 8 rings, camouflage 1, gelatinous body 1,
nimble swimmer 1, tentacles
a: no special abilities


You were in a sewer.
You visited 1 branch of the dungeon, and saw 2 of its levels.
You also visited: Sewer.

Inventory:

Hand Weapons
 a - a +0 hand axe
 d - a +0 quarterstaff (weapon)
Magical Staves
 c - a staff of fire
Wands
 f - a wand of digging (3)
Scrolls
 b - a scroll of fog
Potions
 e - a potion of haste


   Skills:
 + Level 3.1 Fighting
 + Level 2.0 Axes
 + Level 2.1 Dodging
 + Level 6.6 Stealth


You couldn't memorise any spells.
You didn't know any spells.
Your spell library was empty.

Dungeon Overview and Level Annotations

Branches:
Dungeon (6/15)             Temple (0/1) D:6           Sewer (1/1)

Altars:

Annotations:
Sewer Pargi


Innate Abilities, Weirdness & Mutations

You cannot wear most types of armour.
You are amphibious.
You can wear up to eight rings at the same time.
Your skin changes colour to match your surroundings (Stealth+).
Your rubbery body absorbs attacks. (AC +1, EV +1)
You are camouflaged when in or above water. (Stealth+)
You have tentacles for arms and can constrict up to eight enemies at once.


Message History

No target in view!
No target in view!
You see here a frilled lizard corpse.
A frilled lizard comes into view.
The frilled lizard hisses angrily.
The frilled lizard misses you.
You hit the frilled lizard but do no damage.
You grab the frilled lizard.
You constrict the frilled lizard, but do no damage.
The frilled lizard closely misses you. x2
You barely miss the frilled lizard. You constrict the frilled lizard.
You kill the frilled lizard!
A ball python comes into view.
The helpless ball python fails to defend itself.
You thump the ball python!
You kill the ball python!
Pargi shouts!
A ball python comes into view.
The ball python hisses angrily.
The ball python closely misses you. The ball python barely misses you.
You closely miss the ball python. You grab the ball python.
You squeeze the ball python.
You kill the ball python!
A ball python comes into view.
The helpless ball python fails to defend itself.
You hit the ball python.
You kill the ball python!
Okay, then.
Pargi hisses menacingly.
Pargi looks around nervously.
Okay, then.
Okay, then.
Okay, then.
Pargi snarls, "Go!
Away!"
Pargi pleads, "Don't hit me!"
Pargi bites you. Pargi claws you. Pargi claws you but does no damage.
Pargi bites you. Pargi claws you but does no damage. Pargi claws you.
* * * LOW HITPOINT WARNING * * *
Pargi attacks as you move away! Pargi bites you!
You die...

##≈≈###≈≈#≈###≈#
#####≈≈≈≈≈≈≈≈≈≈≈≈≈≈#####
###≈≈≈≈≈≈≈≈≈≈≈≈≈≈≈≈≈≈≈≈≈≈##
##≈≈≈≈≈≈≈≈≈≈≈≈≈≈≈≈≈≈≈≈≈≈≈≈≈###
###≈≈≈≈≈≈≈≈≈≈≈≈≈≈≈≈≈≈≈≈≈≈≈≈≈≈≈≈#
#≈≈≈≈≈≈≈≈≈≈≈≈≈≈≈≈≈≈≈≈≈≈≈≈≈≈≈≈≈≈≈
#≈≈≈≈≈≈≈≈≈≈≈≈≈≈≈≈≈≈≈≈~.≈≈≈≈≈≈≈≈#
##≈≈≈≈≈≈≈≈≈≈≈≈≈~≈≈≈≈.~##~≈≈≈≈≈≈≈≈
#≈≈≈≈≈≈≈≈≈≈≈≈≈~#@≈≈...###~≈≈≈≈≈≈≈
≈≈≈≈≈≈≈≈≈≈≈≈~~.#.T∩.### ##.≈≈≈≈≈≈
#≈≈≈≈≈≈≈≈≈≈≈~~####### #.~≈≈≈≈≈≈
#≈≈≈≈≈≈≈≈≈≈~#.# ##~~≈≈≈≈≈
#≈≈≈≈≈≈≈≈≈≈~#.# ###~≈≈≈≈
#≈≈≈≈†≈≈≈...### #~≈≈≈≈
##≈≈≈≈≈≈~.### ##~≈≈≈ ##≈≈≈≈≈..##
#.≈≈≈ #≈≈≈≈≈≈..# #.≈≈≈


You could see Pargi.

Vanquished Creatures
  3 ball pythons (Sewer)
  2 frilled lizards (Sewer)
5 creatures vanquished.

Notes
Turn   | Place    | Note
-------+----------+-------------------------------------------
     0 | D:5      | croobank the Octopode Delver began the quest for the Orb.
     0 | D:5      | Reached XP level 1. HP: 16/16 MP: 1/1
    10 | D:6      | Noticed a sky beast
    29 | D:6      | Found a glowing drain.
    37 | Sewer    | Entered a sewer
    98 | Sewer    | Noticed Pargi
   205 | Sewer    | Slain by Pargi

Illustrated notes

Levels and vault maps discovered:
D:5:      layout_rooms
D:6:      layout_basic, kennysheep_slug_shrine,
          nicolae_yredelemnul_corpse_copse, minmay_temple_entry_antechambers,
          portal_sewer_entry_f, minmay_misc_feat_enclosed, uniq_blork_the_orc
Sewer:    sewer_co_pargi_island

Action                   || total
-------------------------++-------
Melee: Quarterstaff      ||     6
       Constrict         ||     3
       Tentacles         ||     2
  Use: Scroll            ||     2
 Stab: Sleeping          ||     2
Armor: Skin              ||     2
Dodge: Dodged            ||     6
